cohdb
Replays
Latest Replays
All Replays
Popular Replays
Top Player Replays
Match Explorer
How It Works
Community
CoH3 Stats
Reddit
Sign in to upload your games and track your stats! →
Sign in with Steam
Brits are a skilled faction kek
Match 41624790
Overview
Messages
Build Orders
End
Pioneer Squad
Construct Infanterie Kompanie
Selects Terror Battlegroup
Grenadier Squad
Grenadier Squad
Grenadier Squad
GrW 34 Mortar Team
Infanterie Officer Quarters
Construct Panzergrenadier Kompanie
Selects Heavy Gunnery
Pak 40 Anti-tank Gun Team
Construct Panzer Kompanie
Selects Defend the Fatherland
Stoßtruppen Squad
Defend the Fatherland
Medical Bunker
Panzer IV Medium Tank
Support Elements
Pak 40 Anti-tank Gun Team
Panzergrenadier Officer Quarters
GrW 34 Mortar Team
Nebelwerfer 42 Rocket Launcher Team
Repair Bunker
Selects King Tiger Heavy Tank
King Tiger Heavy Tank
Panzer Officer Quarters
Selects Interrogate
Pak 40 Anti-tank Gun Team
Evelynn
Trash magnet
KusseKarl
Zulu
0
0
Comments
sign in to comment!
No comments posted yet!